 Dungeon Crawl Stone Soup version 0.31-a0-108-gdf935468f2 (webtiles) character file.

Game seed: 12367085505871509616

3143 Sobieck the Destroyer (level 9, 0/42 (45) HPs)
             Began as a Tengu Conjurer on May 27, 2023.
             Was a Believer of Vehumet.
             Slain by Joseph
             ... wielding a +2 quarterstaff of draining
              (8 damage)
             ... on level 7 of the Dungeon.
             The game lasted 00:16:22 (5222 turns).

Sobieck the Destroyer (Tengu Conjurer)              Turns: 5222, Time: 00:16:23

HP:   0/42 (45)     AC:  3    Str:  8    XL:     9   Next: 93%
MP:   18/19         EV: 14    Int: 22    God:    Vehumet [**....]
Gold: 245           SH:  0    Dex: 13    Spells: 9/20 levels left

rFire   + . .        y - staff of conjuration
rCold   . . .        (no shield)
rNeg    . . .        a - +1 robe
rPois   +            (helmet restricted)
rElec   .            (no cloak)
rCorr   .            (no gloves)
SInv    .            (boots unavailable)
Will    +....        k - amulet of magic regeneration
Stlth   ++           m - ring of willpower
HPRegen 0.27/turn    f - ring of protection from fire
MPRegen 0.56/turn

%: no passive effects
@: brilliant, flying quickly and evasively, drained, quick
A: beak, talons 3, nimble flight, mutation resistance 1, poison resistance
a: Renounce Religion


You were on level 7 of the Dungeon.
You worshipped Vehumet.
Vehumet was pleased with you.
You visited 1 branch of the dungeon, and saw 7 of its levels.

You collected 265 gold pieces.
You spent 20 gold pieces at shops.

Inventory:

Missiles
 F - a curare-tipped dart
 Z - a throwing net
Armour
 a - a +1 robe (worn)
 d - a +0 cloak
 e - a +0 helmet
 h - a +0 buckler
 o - an orb of guile
Magical Staves
 c - a staff of cold
 y - a staff of conjuration (weapon)
 B - a staff of death
Jewellery
 f - a ring of protection from fire (right hand)
 k - an amulet of magic regeneration (around neck)
 m - a ring of willpower (left hand)
Wands
 s - a wand of roots (5)
 V - a wand of flame (51)
Scrolls
 b - 2 scrolls of blinking
 p - a scroll of amnesia
 r - a scroll of enchant armour
 u - 2 scrolls of immolation
 v - a scroll of fear
 T - a scroll of teleportation
Potions
 g - a potion of brilliance
 i - 2 potions of lignification
 l - 2 potions of heal wounds
 n - 2 potions of mutation
 q - a potion of invisibility {unknown}
 t - a potion of ambrosia {unknown}
 z - 2 potions of enlightenment {unknown}


   Skills:
 - Level 2.1 Dodging
 - Level 2.0 Stealth
 + Level 6.2 Spellcasting
 - Level 12.0 Conjurations
 - Level 4.0 Hexes
 - Level 4.0 Translocations
 + Level 5.2 Air Magic


You had 9 spell levels left.
You knew the following spells:

 Your Spells              Type           Power      Damage    Failure   Level
a - Magic Dart            Conj           100%       1d8       1%          1
b - Searing Ray           Conj           100%       2d8       1%          2
c - Fulminant Prism       Conj/Hex       38%        3d18      3%          4
d - Iskenderun's Mystic   Conj/Tloc      76%        2d15      3%          4

Your spell library contained the following spells:

 Spells                   Type           Power      Damage    Failure   Level
 Freeze                   Ice            40%        1d6       9%          1
 Static Discharge         Conj/Air       100%       2-7/arc   1%          2
 Dazzling Flash           Conj/Hex       100%       N/A       1%          3
 Mephitic Cloud           Conj/Pois/Air  64%        N/A       2%          3
 Gell's Gravitas          Tloc           36%        N/A       5%          3
 Teleport Other           Tloc           36%        N/A       5%          3
 Airstrike                Air            22%        2d(4-20)  11%         4
 Call Imp                 Summ           20%        N/A       14%         2
 Summon Lightning Spire   Summ/Air       27%        N/A       30%         4
 Dispersal                Tloc           18%        N/A       95%         6


Dungeon Overview and Level Annotations

Branches:
Dungeon (7/15)             Temple (0/1) D:6

Altars:
Ashenzari
Dithmenos
Fedhas
Gozag
Okawaru
Qazlal
Ru
Sif Muna
Vehumet
Wu Jian

Shops:
D:2 ?   D:3 [   D:5 (

Annotations:
D:7 Joseph


Innate Abilities, Weirdness & Mutations

You have a beak for a mouth.
You have claws for feet.
Your magical nature lets you fly swiftly and evasively.
You are somewhat resistant to further mutation.
Your system is resistant to poisons. (rPois)


Message History

Joseph shouts!
You hear a shout! x3
Unknown command.
Unknown command.
Unknown command.
Unknown command.
Casting: Magic Dart (safe; 1% risk of failure)
Confirm with . or Enter, or press ? or * to list all spells.
Aiming: Searing Ray (safe; 1% risk of failure)
Press: ? - help, Shift-Dir - straight line, f - Joseph
Aim: Joseph, wielding a +0 sling and wearing a +0 leather armour (83% to hit)
You feel a surge of power!
The searing ray hits Joseph!
Joseph is lightly wounded. (Press . to maintain the ray.) Joseph shoots a sling bullet.
The sling bullet hits you!
You hear a shout!
Unknown command.
Unknown command.
You feel much better.
Danger!
You feel clever all of a sudden.
Joseph shoots a sling bullet.
The sling bullet hits you!
Unknown command.
Unknown command.
A kobold brigand and 2 kobolds come into view.
The kobold brigand is wielding a +0 whip and quivering poisoned darts.
A kobold is wielding a +0 whip and quivering poisoned darts.
Joseph unwields a +0 sling.
Joseph wields a +2 quarterstaff of draining.
You sense an unholy aura.
Joseph hits you with a +2 quarterstaff of draining.
You feel drained.
The kobold moves out of view. x2
Unknown command.
Unknown command.
Unknown command.
Casting: Searing Ray (safe; 1% risk of failure)
Confirm with . or Enter, or press ? or * to list all spells.
Aiming: Searing Ray (safe; 1% risk of failure)
Press: ? - help, Shift-Dir - straight line, f/p - Joseph
Aim: Joseph, wielding a +2 quarterstaff of draining and wearing a +0 leather armour (lightly wounded, 83% to hit)
You feel a strong surge of power!
The searing ray misses Joseph. (Press . to maintain the ray.)
A sky beast comes into view.
The searing ray hits Joseph.
Joseph is lightly wounded.
The searing ray hits the kobold brigand!
The kobold brigand is heavily wounded.
The kobold shouts!
Joseph hits you with a +2 quarterstaff of draining!
* * * LOW HITPOINT WARNING * * *
You feel drained.
You die...

.#......# .^......#
.#......# . .#......# ..
#.##..####### ...
##.###.......# ....
.....#######.##### .....
#....## #.....#......
####..##########@.......
#...........@.##....
#####........##...# ..
....#.##..## #....
....#.##...####.K...
......[..#...........
........<...##......)#
......####....KKY#....
.....##.........


You could see Joseph, a sky beast, a kobold brigand and 2 kobolds.

Vanquished Creatures
  Grinder (D:6)
  Sigmund (D:3)
  Menkaure (D:6)
  Edmund (D:6)
  3 water moccasins
  An orc warrior (D:5)
  A black bear (D:7)
  2 ice beasts (D:6)
  A sky beast (D:6)
  A centaur (D:6)
  2 ogres
  3 phantoms
  Blork the orc (D:4)
  A kobold brigand (D:6)
  2 bullfrogs
  2 scorpions
  2 hounds (D:5)
  2 orc priests
  8 jellies
  4 iguanas
  2 sleepcaps
  Ijyb (D:3)
  3 orc wizards
  A statue (D:4)
  8 gnolls
  5 adders
  A white imp (D:6)
  3 worms
  3 dart slugs
  21 orcs
  7 bats
  8 endoplasms
  5 giant cockroaches
  8 goblins
  8 hobgoblins
  4 jackals (D:2)
  3 quokkas
  4 ball pythons
  3 frilled lizards
  16 kobolds
  A rat (D:2)
155 creatures vanquished.

Vanquished Creatures (others)
  17 fulminant prisms
17 creatures vanquished.

Grand Total: 172 creatures vanquished

Notes
Turn   | Place    | Note
-------+----------+-------------------------------------------
     0 | D:1      | Sobieck the Tengu Conjurer began the quest for the Orb.
     0 | D:1      | Reached XP level 1. HP: 10/10 MP: 4/4
   117 | D:1      | Reached XP level 2. HP: 14/15 MP: 0/6
   120 | D:1      | Learned a level 2 spell: Searing Ray
   744 | D:2      | Found a faded altar of an unknown god.
   793 | D:2      | Reached XP level 3. HP: 19/19 MP: 5/7
   805 | D:2      | Reached skill level 6 in Conjurations
  1013 | D:2      | Found The Oracle's Delphic Readings.
  1017 | D:2      | Bought a scroll of identify for 20 gold pieces
  1120 | D:2      | Reached skill level 3 in Spellcasting
  1188 | D:2      | Reached XP level 4. HP: 24/24 MP: 5/9
  1247 | D:3      | Found Muessy's Armour Shop.
  1262 | D:3      | Found a sacrificial altar of Ru.
  1332 | D:3      | Noticed Sigmund
  1385 | D:3      | Killed Sigmund
  1386 | D:3      | Reached skill level 7 in Conjurations
  1386 | D:3      | Gained mutation: Your magical nature lets you fly swiftly
                  | and evasively. [Tengu growth]
  1386 | D:3      | Reached XP level 5. HP: 25/28 MP: 5/12
  1386 | D:3      | Reached XP level 6. HP: 28/32 MP: 5/13
  1678 | D:3      | Noticed Ijyb
  1686 | D:3      | Killed Ijyb
  1807 | D:3      | Reached skill level 8 in Conjurations
  2059 | D:4      | Reached XP level 7. HP: 36/36 MP: 13/15
  2071 | D:4      | Found a radiant altar of Vehumet.
  2088 | D:4      | Became a worshipper of Vehumet
  2140 | D:4      | Found an ornate altar of the Wu Jian Council.
  2187 | D:4      | Noticed Blork the orc
  2194 | D:4      | Killed Blork the orc
  2195 | D:4      | Reached skill level 9 in Conjurations
  2234 | D:4      | Learned a level 4 spell: Fulminant Prism
  2239 | D:4      | Learned a level 4 spell: Iskenderun's Mystic Blast
  2922 | D:5      | Entered Level 5 of the Dungeon
  3011 | D:5      | Reached skill level 1 in Hexes
  3011 | D:5      | Reached skill level 1 in Translocations
  3087 | D:5      | Reached XP level 8. HP: 41/41 MP: 11/16
  3169 | D:5      | You are sucked into a shaft and drop 2 floors!
  3193 | D:7      | Found a shadowy altar of Dithmenos.
  3212 | D:7      | Found an opulent altar of Gozag.
  3293 | D:7      | Noticed Joseph
  3317 | D:6      | Gained mutation: Your system is resistant to poisons.
                  | (rPois) [potion of mutation]
  3317 | D:6      | Gained mutation: You are somewhat resistant to further
                  | mutation. [potion of mutation]
  3332 | D:6      | Reached skill level 10 in Conjurations
  3436 | D:6      | Reached * piety under Vehumet
  3436 | D:6      | Offered knowledge of Sandblast by Vehumet.
  3437 | D:6      | Reached skill level 3 in Translocations
  3559 | D:6      | Reached skill level 3 in Hexes
  3639 | D:6      | Noticed Grinder
  3679 | D:5      | Reached XP level 9. HP: 37/45 MP: 11/17
  3789 | D:5      | Found Kurghoih's Weapon Shop.
  3822 | D:5      | Reached skill level 11 in Conjurations
  3851 | D:5      | Found a stormy altar of Qazlal.
  4068 | D:5      | Found a broken altar of Ashenzari.
  4384 | D:5      | Found a shimmering blue altar of Sif Muna.
  4639 | D:6      | Noticed Menkaure
  4644 | D:6      | Killed Menkaure
  4645 | D:6      | Reached skill level 1 in Air Magic
  4742 | D:6      | Killed Grinder
  4774 | D:6      | Reached skill level 3 in Air Magic
  4798 | D:6      | Noticed Edmund
  4808 | D:6      | Reached skill level 12 in Conjurations
  4809 | D:6      | Killed Edmund
  4856 | D:6      | Found a staircase to the Ecumenical Temple.
  4937 | D:6      | Reached ** piety under Vehumet
  4948 | D:6      | Reached skill level 6 in Spellcasting
  4952 | D:6      | Offered knowledge of Freeze by Vehumet.
  5006 | D:6      | Found an iron altar of Okawaru.
  5190 | D:7      | Found a blossoming altar of Fedhas.
  5222 | D:7      | Slain by Joseph

Illustrated notes

Levels and vault maps discovered:
D:1:      minmay_arrival_five_plusses, layout_basic
D:2:      layout_rooms, nicolae_ecumenical_pavilion,
          chequers_serial_rivers_small_a, nicolae_nh_oracle_at_delphi
D:3:      layout_rooms, mainiacjoe_overflow_catwalk, serial_shops, shop,
          uniq_ijyb, uniq_sigmund
D:4:      layout_rooms, vehumet_statue, pdpol_wu_jian_five_deadly_venoms,
          serial_co_window_serial, co_window_of_opportunity_a,
          co_window_of_opportunity_a, co_window_paths_b,
          co_window_of_opportunity_a, co_window_of_opportunity_a,
          co_window_2corner, co_window_of_opportunity_c, co_window_2corner,
          co_window_unsneaky_path_c, co_window_corner_cb,
          co_window_unsneaky_path_b, co_window_paths_e, co_window_paths_d,
          glass_columns_b, uniq_blork_the_orc
D:5:      layout_basic, marbit_many_paths, mainiacjoe_overflow_alcove_1,
          amcnicky_altar_gilded, serial_shops, nicolae_shop_bloodbath_and_beyond
D:6:      layout_rooms, okawaru_altar_gauntlet_db, minmay_temple_entry_glass,
          uniq_grinder, uniq_menkaure, uniq_edmund
D:7:      layout_rooms, lemuel_tele_altar, mainiacjoe_overflow_large_starburst,
          nicolae_elevator_lobby_plus, uniq_joseph

Skill      XL: |  1  2  3  4  5  6  7  8  9 |
---------------+----------------------------+-----
Conjurations   | 6 7 8 9 10 12 | 12.0
Spellcasting   | 3 4 5 6 |  6.2
Hexes          | 1 3 4 |  4.0
Translocations | 1 3 4 |  4.0
Air Magic      | 5 |  5.2
Dodging        | |  2.1
Stealth        | |  2.0

Action                     |  1- 3 |  4- 6 |  7- 9 || total
---------------------------+-------+-------+-------++-------
  Melee: Unarmed           |     3 |       |       ||     3
         Kick              |     1 |       |       ||     1
         Peck              |     1 |       |       ||     1
   Cast: Magic Dart        |    76 |    43 |   122 ||   241
         Searing Ray       |     1 |    10 |    34 ||    45
         Iskenderun's Myst |       |       |    10 ||    10
         Fulminant Prism   |       |       |    17 ||    17
    Use: Scroll            |     1 |     2 |    11 ||    14
         Potion            |       |       |     7 ||     7
 Armour: Robe              |     1 |     2 |     2 ||     5
         Skin              |       |       |     3 ||     3
  Dodge: Dodged            |    17 |     3 |    26 ||    46

Table legend: (Time is in decaauts)
 A = Elapsed time spent in this place.
 B = Non-inter-level travel time spent in this place.
 C = Inter-level travel time spent in this place.
 D = Time resting spent in this place.
 E = Time spent auto-exploring this place.
 F = Levels seen in this place.
 G = Mean time per level.
                   A        B        C        D        E       F      G
               +--------+--------+--------+--------+--------+-----+--------+
         Total |   4955 |   4806 |    149 |    683 |   3081 |   7 |  707.9 |
       Dungeon |   4955 |   4806 |    149 |    683 |   3081 |   7 |  707.9 |
               +--------+--------+--------+--------+--------+-----+--------+

Top non-repeatable levels by time:
     D:5: 1147 daAuts
     D:4: 1048 daAuts
     D:1: 744 daAuts
     D:6: 683 daAuts
     D:3: 530 daAuts
     D:2: 502 daAuts
     D:7: 299 daAuts
